 Dungeon Crawl Stone Soup version 0.28-a0-796-gd4f0d3f9b2 (webtiles) character file.

Game seed: 15766067389207666961

40 Decritt the Shooter (level 3, -1/33 HPs)
             Began as a Minotaur Hunter on Nov 6, 2021.
             Slain by a gnoll (3 damage)
             ... on level 1 of the Dungeon.
             The game lasted 00:04:07 (1141 turns).

Decritt the Shooter (Minotaur Hunter)               Turns: 1141, Time: 00:04:07

Health: -1/33      AC:  3    Str: 16    XL:     3   Next: 30%
Magic:  2/2        EV: 11    Int:  8    God:
Gold:   18         SH:  0    Dex: 11    Spells: 2/2 levels left

rFire   . . .      SeeInvis .   b - +0 short sword
rCold   . . .      Faith    .   (no shield)
rNeg    . . .      Spirit   .   c - +0 leather armour
rPois   .          Reflect  .   (helmet restricted)
rElec   .          Harm     .   (no cloak)
rCorr   .          Rampage  .   (no gloves)
Will    .....                   (no boots)
Stlth   +.........              (no amulet)
HPRegen 0.11/turn               (no ring)
MPRegen 0.08/turn               (no ring)

@: no status effects
A: horns 2, retaliatory headbutt
a: no special abilities


You were on level 1 of the Dungeon.
You visited 1 branch of the dungeon, and saw 2 of its levels.

You collected 18 gold pieces.

Inventory:

Hand Weapons
 a - a +1 shortbow
 b - a +0 short sword (weapon)
Missiles
 g - 9 poisoned darts (quivered)
Armour
 c - a +0 leather armour (worn)
Scrolls
 e - a scroll of identify {unknown}
 f - a scroll of enchant weapon {unknown}


   Skills:
 + Level 3.6 Fighting
 + Level 5.1 Bows
 - Level 2.1 Dodging
 - Level 0.7 Stealth


You had 2 spell levels left.
You didn't know any spells.
Your spell library contained the following spells:

 Spells                   Type           Power      Damage    Failure   Level
 Ozocubu's Armour         Ice            0%         N/A       85%         3
 Ozocubu's Refrigeration  Ice            0%         4d5       100%        7


Dungeon Overview and Level Annotations

Branches:
Dungeon (2/15)

Altars:


Innate Abilities, Weirdness & Mutations

You have a pair of horns on your head.
You reflexively headbutt those who attack you in melee.


Message History

There is a stone staircase leading down here.
You start resting.
HP restored.
You start waiting.
Done waiting.
You climb downwards.
The gnoll shouts!
You hear a bark!
There is a stone staircase leading up here.
You throw a poisoned dart. The poisoned dart hits the gnoll.
You throw a poisoned dart. The poisoned dart hits the gnoll.
The gnoll is poisoned.
The gnoll hits you from afar with a +0 spear.
You closely miss the gnoll.
You headbutt the gnoll, but do no damage.
The gnoll hits you from afar with a +0 spear.
The gnoll barely misses you. You furiously retaliate!
You headbutt the gnoll, but do no damage.
The gnoll closely misses you.
You hit the gnoll.
You headbutt the gnoll, but do no damage.
The gnoll is moderately wounded.
The gnoll hits you with a +0 spear.
The gnoll hits you from afar with a +0 spear!
* * * LOW HITPOINT WARNING * * *
The gnoll closely misses you. The gnoll barely misses you.
You climb upwards.
There is a stone staircase leading down here.
You closely miss the gnoll. You headbutt the gnoll.
The gnoll is moderately wounded.
The gnoll hits you with a +0 spear!
* * * LOW HITPOINT WARNING * * *
You closely miss the gnoll.
The gnoll is moderately wounded.
The gnoll barely misses you.
You barely miss the gnoll.
The gnoll is moderately wounded.
The gnoll hits you with a +0 spear.
* * * LOW HITPOINT WARNING * * *
The gnoll hits you from afar with a +0 spear.
You die...

###...#####.#
#............. ##.## #..#
#..........>.. #.#####.##
#.............
#........####...#.........
####............##.......#
#.....##...............
#.....###....####..###.
#...g>.###.........####
#.....@................
#.....#####........#...
#.....# ##.........##
##.#### ##.).....### #.#
##........# #.#
####........ #.#
#.....##.... #.#
##.##...#.#.. #.#
#..##...#....


You could see a gnoll.

Vanquished Creatures
  3 dart slugs (D:1)
  2 ball pythons (D:2)
  3 endoplasms
  3 goblins (D:1)
  6 hobgoblins
  4 kobolds
  2 quokkas
  5 bats
28 creatures vanquished.

Notes
Turn   | Place    | Note
-------+----------+-------------------------------------------
     0 | D:1      | Decritt the Minotaur Hunter began the quest for the Orb.
     0 | D:1      | Reached XP level 1. HP: 18/18 MP: 0/0
    72 | D:1      | Reached XP level 2. HP: 25/25 MP: 1/1
   417 | D:1      | Reached skill level 5 in Bows
   417 | D:1      | Reached XP level 3. HP: 31/31 MP: 2/2
  1141 | D:1      | Slain by a gnoll

Illustrated notes

Levels and vault maps discovered:
D:1:      eino_arrival_cavern_b, layout_rooms, hex_intersection,
          minmay_strange_pillars
D:2:      layout_rooms, minmay_fractal_squares_5

Skill      XL: |  1  2 |
---------------+-------+-----
Fighting       | 3 |  3.6
Bows           | 5 |  5.1
Dodging        | |  2.1
Stealth        | |  0.7

Action                   || total
-------------------------++-------
Melee: Short sword       ||     5
       Headbutt          ||     3
 Fire: Shortbow          ||    68
Throw: Dart              ||     3
Armor: Leather armour    ||     6
Dodge: Dodged            ||    17

Table legend: (Time is in decaauts)
 A = Elapsed time spent in this place.
 B = Non-inter-level travel time spent in this place.
 C = Inter-level travel time spent in this place.
 D = Time resting spent in this place.
 E = Time spent auto-exploring this place.
 F = Levels seen in this place.
 G = Mean time per level.
                   A        B        C        D        E       F      G
               +--------+--------+--------+--------+--------+-----+--------+
         Total |   1147 |   1134 |     13 |    298 |    660 |   2 |  573.5 |
       Dungeon |   1147 |   1134 |     13 |    298 |    660 |   2 |  573.5 |
               +--------+--------+--------+--------+--------+-----+--------+

Top non-repeatable levels by time:
     D:1: 1110 daAuts
     D:2: 36 daAuts
